 Dungeon Crawl Stone Soup version 0.18-a0-1683-gf9322e6 (webtiles) character file.

327357 Foomius the Lord of Darkness (level 20, -4/150 HPs)
             Began as a Demonspawn Necromancer on Mar 29, 2016.
             Was the Champion of Kikubaaqudgha.
             Slain by a quicksilver dragon (8 damage)
             ... on level 4 of the Vaults on Apr 3, 2016.
             The game lasted 08:55:04 (48945 turns).

Foomius the Lord of Darkness (DsNe)                Turns: 48945, Time: 08:55:05

Health: -4/150     AC: 30    Str: 12    XL:     20   Next: 78%
Magic:  17/36      EV: 13    Int: 21    God:    Kikubaaqudgha [******]
Gold:   1145       SH:  5    Dex: 15    Spells: 11 memorised, 1 level left

rFire  . . .     SeeInvis +     b - staff of wizardry
rCold  + . .     Gourm    .     r - +4 chain mail {rC+}
rNeg   . . .     Faith    .     d - +0 buckler "Dilips Tuusm" {rElec rPois rC- MR++}
rPois  +         Spirit   .     (helmet unavailable)
rElec  +         Dismiss  .     y - +1 cloak
rCorr  .         Reflect  .     H - +0 pair of gloves
SustAt .         Harm     .     Q - +0 pair of boots
MR     +++..                    G - amulet of regeneration
Stlth  ..........               x - ring of Robustness {AC+8}
                                f - ring of wizardry

@: about to teleport, studying Summonings, extremely resistant to hostile
enchantments, extremely unstealthy
A: antennae 3, cold resistance 1, spiny 2, rot immunity, freezing cloud
immunity, sturdy frame 3
a: Receive Corpses, Torment, Renounce Religion
}: 2/15 runes: barnacled, gossamer


You were on level 4 of the Vaults.
You worshipped Kikubaaqudgha.
Kikubaaqudgha was exalted by your worship.
You were not hungry.

You visited 8 branches of the dungeon, and saw 41 of its levels.
You visited the Abyss 2 times.
You also visited: Labyrinth and Ice Cave.

You collected 5008 gold pieces.
You spent 3863 gold pieces at shops.

Inventory:

Hand Weapons
 a - the +0 eveningstar "Worm's Wrath" {crush, rF+ rN+}
   (You acquired it on level 4 of the Spider Nest)

   It inflicts extra damage upon your enemies.
   It protects you from fire.
   It protects you from negative energy.
Missiles
 v - 45 javelins (quivered)
Armour
 d - the +0 buckler "Dilips Tuusm" (worn) {rElec rPois rC- MR++}
   (You acquired it on level 1 of the Vaults)

   It makes you vulnerable to cold.
   It insulates you from electricity.
   It protects you from poison.
   It affects your resistance to hostile enchantments.
 r - a +4 chain mail of cold resistance (worn)
 y - a +1 cloak (worn)
 H - a +0 pair of gloves (worn)
 Q - a +0 pair of boots (worn)
Magical Staves
 b - an uncursed staff of wizardry (weapon)
Rods
 i - a +2 rod of shadows (11/11)
   (You bought it in a shop on level 2 of the Vaults)
Jewellery
 f - a ring of wizardry (left hand)
 j - an uncursed ring of flight
 k - an uncursed ring of protection from cold
 w - an uncursed ring of protection from magic
 x - the ring of Robustness (right hand) {AC+8}
   (You took it off a merfolk on level 4 of the Shoals)

   [ring of protection]

   It affects your AC (+8).
 G - an amulet of regeneration (around neck)
 J - an uncursed ring of see invisible {unknown}
 P - an uncursed ring of positive energy
Wands
 p - a wand of disintegration (13/24)
 C - a wand of heal wounds (3/9)
 E - a wand of lightning (4/15)
 K - a wand of acid (0/15)
 L - a wand of digging (12/24)
 M - a wand of disintegration (12/24)
 O - a wand of teleportation (2/9)
 U - a wand of acid (2/15)
 Y - a wand of acid (9/15)
Scrolls
 g - 19 scrolls of remove curse
 n - 2 scrolls of teleportation
 q - 4 scrolls of fog
 s - 6 scrolls of magic mapping
 t - 2 scrolls of amnesia
 S - 2 scrolls of enchant weapon
 Z - a scroll of recharging
Potions
 e - a potion of ambrosia
 h - 2 potions of brilliance
 A - a potion of invisibility
 B - 7 potions of curing
 F - a potion of might
 R - a potion of flight
Books
 l - a manual of Summonings
 D - a book of the Sky

   Spells                             Type                      Level
   a - Summon Lightning Spire         Summoning/Air                4
   b - Airstrike                      Air                          4
   c - Silence                        Hexes/Air                    5
   d - Deflect Missiles               Charms/Air                   6
   e - Conjure Ball Lightning         Conjuration/Air              6
   f - Tornado                        Air                          9
 T - the Grimoire of Malediction and Companions
   (You found it on level 3 of the Vaults)

   Spells                             Type                      Level
   a - Corona                         Hexes                        1
   b - Summon Small Mammal            Summoning                    1
   c - Tukima's Dance                 Hexes                        3
   d - Spectral Weapon                Hexes/Charms                 3
   e - Fulminant Prism                Conjuration/Hexes            4
   f - Discord                        Hexes                        8
Miscellaneous
 m - a lamp of fire
 u - a disc of storms
 z - a box of beasts
 N - a phantom mirror
 V - a phial of floods
 W - a stone of tremors
Comestibles
 c - 17 bread rations


   Skills:
 - Level 11.0 Fighting
 - Level 16.2 Maces & Flails
 + Level 12.1 Armour
 - Level 10.4 Dodging
 - Level 1.7 Stealth
 - Level 4.0 Shields
 - Level 12.5 Spellcasting
 - Level 6.2 Conjurations
 - Level 1.8 Charms
 + Level 9.0 Summonings
 * Level 18.9 Necromancy
 - Level 9.5 Ice Magic
 - Level 6.0 Air Magic
 - Level 5.0 Evocations


You had one spell level left.
You knew the following spells:

 Your Spells              Type           Power        Failure   Level  Hunger
a - Pain                  Necr           ####         0%          1    None
b - Animate Skeleton      Necr           N/A          0%          1    None
c - Control Undead        Necr           #######...   1%          4    None
d - Freezing Cloud        Conj/Ice/Air   #####.....   50%         6    #####..
e - Agony                 Necr           #######.     1%          5    ####...
f - Dispel Undead         Necr           #######.     1%          5    ####...
g - Regeneration          Chrm/Necr      ######....   1%          3    None
h - Simulacrum            Ice/Necr       ######....   2%          6    #####..
i - Haunt                 Necr/Summ      ######....   11%         7    #######
s - Sublimation of Blood  Necr           #######...   0%          2    None
v - Vampiric Draining     Necr           #######...   0%          3    None


Dungeon Overview and Level Annotations

Branches:
Dungeon (15/15)            Temple (1/1) D:5            Lair (8/8) D:10
 Shoals (4/4) Lair:5       Spider (4/4) Lair:5        Slime (0/6) Lair:8
    Orc (2/2) D:10            Elf (2/3) Orc:2        Vaults (5/5) D:14
  Crypt (0/3) Vaults:3     Depths (0/5) D:15

Altars:
Cheibriados
Dithmenos
Elyvilon
Gozag
Kikubaaqudgha
Makhleb
Nemelex Xobeh
Okawaru
Qazlal
Ru
Sif Muna
Trog
Vehumet
Xom
The Shining One
Beogh

Shops:
D:3 *   D:7 (   Orc:2 :[*=(   Shoals:4 !   Vaults:2 }

Annotations:
D:3 slayr's ghost, amateur DrTm
D:7 Uhlv's ghost, novice MiFi
Lair:2 exclusion: ice statue
Elf:2 3 runed doors


Innate Abilities, Weirdness & Mutations

You have a pair of large antennae on your head (SInv).
Your flesh is cold resistant.
You are mostly covered in sharp spines.
You are immune to rotting.
You are immune to freezing clouds.
Your movements are significantly less encumbered by armour (ER -6).


Message History

* * * LOW HITPOINT WARNING * * *
The quicksilver dragon claws you.
* * * LOW HITPOINT WARNING * * *
The quicksilver dragon is struck by your spines.
The quicksilver dragon bites you.
* * * LOW HITPOINT WARNING * * *
The quicksilver dragon claws you but does no damage.
Read which item? (? for menu, Esc to quit)
As you read the scroll of teleportation, it crumbles to dust.
You feel strangely unstable.
The quicksilver dragon breathes dispelling energy at you.
The bolt of dispelling energy hits you!
You feel strangely stable.
* * * LOW HITPOINT WARNING * * *
The quicksilver dragon closely misses you. x2
Read which item? (? for menu, Esc to quit)
As you read the scroll of teleportation, it crumbles to dust.
You feel strangely unstable. The quicksilver dragon bites you!
You die...
Kikubaaqudgha rasps: "You have failed me!
Welcome... death!"

...# #.....#.......# ####
#.....#.......#
#.....#.......#
#.....#.......#
#####'##########
#########.......#
#......##.......#
#......##.......#
#......##....@..#
#......##....DT.#
#......##.......# ########
#......##.......# #......#
#......########'####......#
#......##..........#......#
#......##...)[T....#......#
#......##...[>[....'......#
#......##...[[[....#......#


You could see a quicksilver dragon and a deep troll shaman.

Vanquished Creatures
  Saint Roka (Vaults:1)
  A golden dragon (Vaults:3)
  A lich (Vaults:5)
  2 titans
  Asterion (Spider:1)
  A storm dragon (Vaults:5)
  3 tentacled starspawn (Abyss:2)
  Kirke (Orc:2)
  Ilsuiw (Shoals:4)
  3 frost giants
  3 ghost moths
  An emperor scorpion (Spider:3)
  Louise (Shoals:2)
  9 vault wardens
  An orc warlord (Orc:1)
  A cacodemon (Abyss:2)
  4 ironheart preservers
  A deep elf elementalist (Vaults:5)
  A ghoul (Vaults:3)
  Nessos (Lair:7)
  2 stone giants (Vaults:2)
  A very ugly thing (Abyss:2)
  A deep elf annihilator (Elf:1)
  A spark wasp (Spider:4)
  A merfolk javelineer (Shoals:1)
  4 ettins
  Snorg (D:14)
  A deep elf death mage (Elf:2)
  Josephine (Spider:1)
  2 fire dragons
  18 vault guards
  A fire dragon (shapeshifter) (Vaults:2)
  A minotaur (Lab)
  5 merfolk impalers
  8 yaktaur captains
  An entropy weaver (Lair:5)
  3 ice dragons
  4 hydras
  3 catoblepae
  2 centaur warriors
  Erica (D:9)
  A death knight (Vaults:4)
  An ogre mage (Vaults:2)
  A satyr (shapeshifter) (Vaults:2)
  A vampire mage (Vaults:3)
  An orc high priest (Orc:2)
  6 death yaks
  3 deep troll earth magi (Vaults:4)
  10 dancing weapons
  Nergalle (Orc:1)
  The ghost of inmateoo the Gouger, a journeyman FeSu of Makhleb (D:13)
  9 deep elf knights
  Sonja (D:10)
  6 hell knights
  A fire crab (Vaults:4)
  A shadow wraith (Vaults:4)
  5 deep trolls
  8 skeletal warriors
  A sea snake (Shoals:2)
  7 deep elf archers
  7 unseen horrors
  A spatial maelstrom (Abyss:2)
  An unseen horror (shapeshifter) (Vaults:3)
  7 hill giants
  3 flayed ghosts
  A phantasmal warrior (Vaults:3)
  5 ironbrand convokers
  The ghost of Galewind the Thaumaturge, a novice DEFE of Vehumet (D:8)
  8 griffons
  An orb spider (shapeshifter) (D:15)
  A harpy (shapeshifter) (Vaults:5)
  2 necromancers
  3 orb spiders
  5 orc knights
  A harpy (Shoals:4)
  A hornet (Spider:4)
  A tengu skeleton (Vaults:4)
  17 deep elf magi
  10 wolf spiders
  17 ugly things
  A faun (Shoals:1)
  An orc sorcerer (Orc:2)
  7 manticores
  2 human zombies (Vaults:2)
  9 cyclopes
  A worldbinder (Abyss:2)
  10 elephants
  4 sirens
  A stone giant zombie (Vaults:4)
  Maurice (Orc:1)
  3 salamanders (D:14)
  3 water nymphs
  2 black mambas
  3 centaur zombies
  Joseph (D:7)
  2 smoke demons
  11 spiny frogs
  An ice statue (IceCv)
  5 vault sentinels
  A torpor snail (Lair:4)
  A hellion (Abyss:2)
  A kobold demonologist (D:15)
  10 komodo dragons
  4 freezing wraiths
  17 yaktaurs
  A yaktaur (shapeshifter) (D:14)
  6 demonic crawlers
  6 rime drakes
  2 efreet
  A tengu conjurer (D:14)
  A silent spectre (Abyss:2)
  A queen bee (shapeshifter) (Vaults:4)
  4 merfolk
  2 ancient zymes
  A troll (Orc:2)
  16 polar bears
  9 jumping spiders
  A wind drake (Shoals:3)
  A queen bee (Lair:1)
  21 slime creatures
  3 two-headed ogres
  2 snapping turtles
  A stone giant simulacrum (Vaults:1)
  A minotaur skeleton (Lab)
  10 blink frogs
  3 raiju
  6 boulder beetles
  2 shadows
  An ettin skeleton (Vaults:4)
  18 redbacks
  2 vampires
  44 yaks
  A ynoxinul (Abyss:2)
  6 wraiths
  3 air elementals
  10 tarantellas
  5 water elementals
  9 wyverns
  A fire elemental (Elf:1)
  A hog (Orc:2)
  15 hippogriffs
  2 steam dragons (Lair:8)
  A chaos spawn (Abyss:2)
  2 hungry ghosts
  3 neqoxecs (Abyss:2)
  14 basilisks
  2 wargs (Orc:2)
  5 mottled dragons
  3 vampire mosquitoes
  A soldier ant (shapeshifter) (Vaults:2)
  3 large abominations
  17 water moccasins
  A spiny frog zombie (Abyss:2)
  5 porcupines
  13 ice beasts
  A swamp drake (Lair:8)
  33 orc warriors
  A black bear (D:10)
  2 wasps
  17 ogres
  2 sky beasts
  An eye of draining (D:4)
  7 wolves (IceCv)
  4 phantoms
  A necrophage (D:10)
  3 boggarts (D:15)
  9 centaurs
  19 crocodiles
  7 big kobolds
  11 small abominations
  16 giant frogs
  Blork the orc (Orc:2)
  A gnoll sergeant (D:7)
  5 earth elementals
  2 human skeletons
  3 scorpions
  A water moccasin skeleton (D:9)
  4 spriggan skeletons
  19 killer bees
  5 wights
  4 howler monkeys
  3 electric eels
  3 crimson imps
  2 quasits
  4 hounds
  3 jellies
  17 orc priests
  6 centaur skeletons
  A giant frog skeleton (D:10)
  Natasha (D:4)
  17 worker ants
  12 iguanas
  21 orc wizards
  12 sheep
  A hound zombie (D:10)
  A worker ant zombie (D:11)
  2 gnolls (D:7)
  A howler monkey skeleton (D:4)
  12 adders
  46 river rats
  A shadow imp (D:6)
  2 oozes
  An adder zombie (D:7)
  3 worms
  A dart slug (D:1)
  4 giant geckos
  129 orcs
  7 bats
  4 giant cockroaches
  7 goblins
  6 hobgoblins
  7 jackals
  22 kobolds
  7 quokkas
  A ball python (D:2)
  A giant gecko skeleton (D:4)
  2 giant newts
  A jackal skeleton (D:7)
  A quokka skeleton (D:8)
  A quokka zombie (D:8)
  3 rats
  2 starspawn tentacles (Abyss:2)
1206 creatures vanquished.

Vanquished Creatures (collateral kills)
  Arachne (Spider:2)
  A titan (Vaults:5)
  The ghost of stickyfingers the Spry, an adept OpSk of Makhleb (Shoals:4)
  A storm dragon (Vaults:5)
  Polyphemus (Shoals:2)
  3 tengu reavers
  2 sphinxes
  Roxanne (Spider:2)
  3 shadow dragons (Vaults:5)
  2 frost giants
  2 iron dragons (Vaults:5)
  4 vault wardens
  2 emperor scorpions
  Aizul (Shoals:1)
  A ghost moth (Spider:4)
  7 ironheart preservers
  2 war gargoyles
  2 stone giants
  A very ugly thing (Vaults:5)
  2 salamander stormcallers
  A deep elf demonologist (Vaults:5)
  3 deep elf annihilators
  3 spark wasps (Spider:4)
  7 merfolk javelineers
  2 ettins (Vaults:5)
  5 vault guards
  8 merfolk impalers
  2 deep elf death magi
  A fire dragon (Vaults:3)
  A great orb of eyes (Vaults:2)
  An entropy weaver (Spider:1)
  6 yaktaur captains
  4 ogre magi
  A rakshasa (D:15)
  4 merfolk avatars
  5 hydras
  7 centaur warriors
  A ghost crab (shapeshifter) (D:15)
  A catoblepas (Shoals:2)
  3 merfolk aquamancers
  7 satyrs (Shoals:4)
  4 alligator snapping turtles
  A dancing weapon (Elf:1)
  A death knight (Vaults:2)
  A tengu warrior (D:14)
  5 death yaks
  2 deep elf knights
  5 sea snakes
  A salamander mystic (D:14)
  A hell knight (Vaults:4)
  3 deep trolls
  3 skeletal warriors
  A death drake (shapeshifter) (D:14)
  A giant orange brain (Vaults:1)
  8 ironbrand convokers
  A phantasmal warrior (Vaults:4)
  4 deep elf archers
  A hill giant (D:13)
  14 harpies
  2 necromancers (Vaults:4)
  18 orb spiders
  3 orc knights
  An orc sorcerer (Vaults:3)
  28 wolf spiders
  8 deep elf magi
  3 human zombies
  7 griffons
  11 fauns
  7 manticores
  8 slime creatures
  9 hornets
  28 ugly things
  2 cyclopes
  A manticore (shapeshifter) (Vaults:5)
  2 black mambas
  5 sirens
  4 elephants
  2 moths of wrath
  5 vault sentinels
  6 water nymphs
  2 spiny frogs
  2 rime drakes (Lair:6)
  6 demonic crawlers
  2 komodo dragons (Lair:6)
  17 yaktaurs
  2 kobold demonologists
  A freezing wraith (Vaults:3)
  2 trolls
  2 yaktaur skeletons (Vaults:4)
  19 merfolk
  A polar bear (IceCv)
  23 jumping spiders
  8 two-headed ogres
  3 wind drakes
  4 blink frogs
  9 boulder beetles
  8 snapping turtles
  A snapping turtle (shapeshifter) (D:15)
  3 water elementals
  61 redbacks
  A tarantella (shapeshifter) (Vaults:5)
  24 tarantellas
  A human (shapeshifter) (Vaults:1)
  A wraith (Vaults:1)
  A hungry ghost (D:10)
  A golden eye (shapeshifter) (Vaults:1)
  4 basilisks
  17 yaks
  4 vampire mosquitoes
  8 hippogriffs
  3 water moccasins
  11 orc warriors
  4 porcupines
  An ice beast (D:14)
  A phantom (D:8)
  3 boggarts (D:15)
  8 ogres
  2 wasps
  A wolf (IceCv)
  9 centaurs
  4 crocodiles
  A big kobold (D:10)
  3 earth elementals (D:15)
  3 giant frogs
  7 killer bees (Lair:1)
  8 wights
  2 howler monkeys (D:13)
  2 electric eels
  A troll skeleton (D:9)
  A human simulacrum (Vaults:4)
  3 jellies (Lair:8)
  A quasit (D:11)
  2 hounds
  2 orc wizards
  4 orc priests
  4 centaur skeletons
  Natasha (twice) (D:4)
  An iguana (Lair:1)
  A worker ant (D:14)
  4 sheep
  A howler monkey zombie (D:7)
  A howler monkey skeleton (D:8)
  A gnoll (D:7)
  2 adders
  20 river rats
  An adder skeleton (D:8)
  A giant gecko (D:9)
  22 orcs
  A giant cockroach (D:4)
  A jackal (D:4)
  A kobold (D:11)
  A bush (Lair:4)
  A butterfly (Lair:6)
  9 fungi
  29 plants
759 creatures vanquished.

Vanquished Creatures (others)
  A deep troll (Vaults:4)
  An orc knight (Vaults:2)
  A troll (Vaults:1)
  3 humans (Elf:1)
  A large abomination (Abyss:2)
  A wyvern zombie (D:8)
  A fire vortex (D:14)
  20 fungi
  10 plants
  15 starspawn tentacles
  229 starspawn tentacle segments
283 creatures vanquished.

Grand Total: 2248 creatures vanquished

Notes
Turn   | Place    | Note
--------------------------------------------------------------
     0 | D:1      | Foomius the Demonspawn Necromancer began the quest for the Orb.
     0 | D:1      | Reached XP level 1. HP: 13/13 MP: 3/3
   254 | D:1      | Reached skill level 1 in Maces & Flails
   340 | D:1      | Gained mutation: You are partially covered in sharp spines. [demonic ancestry]
   340 | D:1      | Reached XP level 2. HP: 15/19 MP: 3/5
   605 | D:2      | You fall through a shaft!
   617 | D:3      | Noticed slayr's ghost (amateur DrTm)
   629 | D:3      | Found an opulent altar of Gozag.
   631 | D:3      | Found Gozag's Platinum Reserve.
   923 | D:2      | Reached skill level 1 in Fighting
   923 | D:2      | Gained mutation: Your movements are slightly less encumbered by armour (ER -2). [demonic ancestry]
   923 | D:2      | Reached XP level 3. HP: 21/26 MP: 2/6
   928 | D:2      | Learned a level 3 spell: Vampiric Draining
  1403 | D:2      | Learned a level 3 spell: Regeneration
  1417 | D:2      | Reached XP level 4. HP: 31/32 MP: 0/7
  2437 | D:3      | Reached skill level 1 in Charms
  2643 | D:4      | Noticed an ogre
  2750 | D:4      | Reached skill level 5 in Necromancy
  2750 | D:4      | Gained mutation: Your movements are less encumbered by armour (ER -4). [demonic ancestry]
  2750 | D:4      | Reached XP level 5. HP: 33/37 MP: 3/8
  2980 | D:4      | Killed an ogre
  2980 | D:4      | Gained mutation: You are immune to rotting. [demonic ancestry]
  2980 | D:4      | Reached XP level 6. HP: 42/44 MP: 2/9
  2983 | D:4      | Learned a level 1 spell: Animate Skeleton
  3170 | D:4      | Noticed Natasha
  3175 | D:4      | Killed Natasha
  3175 | D:4      | Noticed Natasha
  3186 | D:4      | Killed Natasha
  3300 | D:4      | Noticed Natasha
  3304 | D:4      | Killed Natasha
  3533 | D:4      | Found a bloodstained altar of Trog.
  3637 | D:4      | Reached XP level 7. HP: 44/50 MP: 10/10
  3896 | D:5      | Entered Level 5 of the Dungeon
  4133 | D:5      | Got a crude dagger
  4134 | D:5      | Identified the +7 dagger of the Peculiar Planets {freeze, rN+} (You found it on level 5 of the Dungeon)
  4139 | D:5      | Found a snail-covered altar of Cheibriados.
  4213 | D:5      | Found a staircase to the Ecumenical Temple.
  4219 | Temple   | Entered the Ecumenical Temple
  4258 | Temple   | Became a worshipper of Kikubaaqudgha
  4532 | D:6      | Reached skill level 1 in Armour
  4538 | D:6      | Learned a level 4 spell: Control Undead
  4576 | D:6      | Reached skill level 6 in Necromancy
  4576 | D:6      | Reached XP level 8. HP: 47/56 MP: 1/12
  4800 | D:6      | Reached * piety under Kikubaaqudgha
  4800 | D:6      | Received a gift from Kikubaaqudgha
  4802 | D:6      | Identified Kikubaaqudgha's Guide on Evil Rites (Kikubaaqudgha gifted it to you on level 6 of the Dungeon)
  4808 | D:6      | Learned a level 2 spell: Sublimation of Blood
  4995 | D:6      | Reached skill level 5 in Maces & Flails
  5142 | D:6      | Found an iron altar of Okawaru.
  5197 | D:7      | Found a shadowy altar of Dithmenos.
  5249 | D:7      | Noticed Uhlv's ghost (novice MiFi)
  5250 | D:7      | Reached skill level 1 in Evocations
  5718 | D:7      | Found Poal's Weapon Boutique.
  5856 | D:7      | Reached skill level 5 in Spellcasting
  5922 | D:7      | Noticed Joseph
  5932 | D:7      | Killed Joseph
  5932 | D:7      | Reached XP level 9. HP: 61/61 MP: 2/17
  5996 | D:7      | Found a radiant altar of Vehumet.
  6002 | D:7      | Reached ** piety under Kikubaaqudgha
  6011 | D:7      | Learned a level 4 spell: Animate Dead
  6191 | D:8      | Noticed Galewind's ghost (novice DEFE)
  6213 | D:8      | Found a burning altar of Makhleb.
  6255 | D:8      | Killed Galewind's ghost
  6255 | D:8      | Reached skill level 5 in Dodging
  6255 | D:8      | Reached skill level 7 in Necromancy
  6856 | D:9      | Found a radiant altar of Vehumet.
  7146 | D:9      | Killed an unseen horror
  7146 | D:9      | Reached skill level 8 in Necromancy
  7146 | D:9      | Gained mutation: You are mostly covered in sharp spines. [demonic ancestry]
  7146 | D:9      | Reached XP level 10. HP: 52/73 MP: 18/18
  7226 | D:9      | Found a glowing golden altar of the Shining One.
  7382 | D:10     | Entered Level 10 of the Dungeon
  7382 | D:10     | Noticed Erica
  7392 | D:9      | Killed Erica
  7392 | D:9      | Reached skill level 5 in Fighting
  7481 | D:10     | Found a staircase to the Lair.
  7502 | D:10     | Reached *** piety under Kikubaaqudgha
  7502 | D:10     | Received a gift from Kikubaaqudgha
  7519 | D:10     | Identified Kikubaaqudgha's Guide on Unholy Arts (Kikubaaqudgha gifted it to you on level 10 of the Dungeon)
  7528 | D:10     | Noticed Sonja
  7536 | D:10     | Killed Sonja
  7536 | D:10     | Reached skill level 9 in Necromancy
  7637 | D:10     | Noticed a manticore
  7935 | D:10     | Reached **** piety under Kikubaaqudgha
  8187 | D:10     | Found a staircase to the Orcish Mines.
  8267 | Lair:1   | Entered Level 1 of the Lair of Beasts
  8313 | Lair:1   | Gained mutation: You have a pair of small antennae on your head. [demonic ancestry]
  8313 | Lair:1   | Reached XP level 11. HP: 66/84 MP: 6/20
  8996 | Lair:1   | Noticed an eight-headed hydra
  9008 | Lair:1   | Killed an eight-headed hydra
  9012 | Lair:1   | Reached ***** piety under Kikubaaqudgha
  9471 | Lair:1   | Learned a level 5 spell: Agony
  9573 | Lair:1   | Noticed a seven-headed hydra
  9599 | Lair:1   | Killed a seven-headed hydra
 10123 | Lair:2   | Reached skill level 10 in Maces & Flails
 10746 | Lair:2   | Gained mutation: Your flesh is cold resistant. [demonic ancestry]
 10746 | Lair:2   | Reached XP level 12. HP: 36/91 MP: 23/23
 11754 | Lair:4   | Reached skill level 10 in Necromancy
 11914 | Lair:4   | Noticed a death yak
 11915 | Lair:4   | Noticed a death yak
 11916 | Lair:4   | Noticed a death yak
 11928 | Lair:4   | Killed a death yak
 11934 | Lair:4   | Killed a death yak
 11937 | Lair:4   | Killed a death yak
 11961 | Lair:4   | Noticed a death yak
 12005 | Lair:4   | Killed a death yak
 12148 | Lair:4   | Got a slimy great sword
 12149 | Lair:4   | Identified the +1 great sword of the Spectre {flame, Int+5} (You found it on level 4 of the Lair of Beasts)
 12478 | Lair:4   | Learned a level 5 spell: Dispel Undead
 12702 | Lair:5   | Reached skill level 11 in Necromancy
 12828 | Lair:5   | Found a staircase to the Shoals.
 12990 | Lair:5   | Found a hole to the Spider Nest.
 13394 | Lair:5   | You fall through a shaft!
 13431 | Lair:6   | Found a labyrinth entrance.
 13451 | Lair:6   | Noticed a six-headed hydra
 13454 | Lab      | Entered a labyrinth
 13607 | Lab      | Reached ****** piety under Kikubaaqudgha
 14151 | Lab      | Noticed a minotaur
 14157 | Lab      | Killed a minotaur
 14157 | Lab      | Gained mutation: You have a pair of antennae on your head. [demonic ancestry]
 14157 | Lab      | Reached XP level 13. HP: 75/96 MP: 14/26
 14181 | Lab      | Identified the Tome of the Compass
 14643 | Lair:6   | Reached skill level 10 in Spellcasting
 14768 | Lair:6   | Reached skill level 5 in Armour
 15176 | Lair:6   | Got a transparent leather armour
 15191 | Lair:6   | Reached skill level 5 in Evocations
 15380 | Lair:7   | Noticed Nessos
 15397 | Lair:7   | Killed Nessos
 15716 | Lair:7   | Reached skill level 12 in Necromancy
 16284 | Lair:8   | Entered Level 8 of the Lair of Beasts
 16295 | Lair:8   | Upgraded the game from 0.18-a0-1649-g8d9735b to 0.18-a0-1655-ge2d8d33
 16303 | Lair:8   | Reached XP level 14. HP: 92/103 MP: 18/28
 16317 | Lair:7   | Identified the +1 leather armour of the Other World {-Tele rN+ rCorr Dex+7} (You found it on level 6 of the Lair of Beasts)
 17057 | Lair:8   | HP: 5/103 [fire dragon/blast of flame (45)]
 17741 | Lair:8   | Found a staircase to the Slime Pits.
 18224 | Orc:1    | Entered Level 1 of the Orcish Mines
 18339 | Orc:2    | Entered Level 2 of the Orcish Mines
 18345 | Orc:2    | Found a roughly hewn altar of Beogh.
 18623 | Orc:1    | Noticed Maurice
 18647 | Orc:1    | Killed Maurice
 19015 | Orc:2    | Noticed Nergalle
 19016 | Orc:2    | Noticed an orc warlord
 19160 | Orc:1    | Killed an orc warlord
 19283 | Orc:1    | Killed Nergalle
 19398 | Orc:2    | Found a roughly hewn altar of Beogh.
 19399 | Orc:2    | Noticed Blork the orc
 19421 | Orc:2    | Killed Blork the orc
 19637 | Orc:2    | Found Waiwk's General Store.
 19690 | Orc:2    | Bought a potion of heal wounds for 60 gold pieces
 19690 | Orc:2    | Bought 2 potions of resistance for 240 gold pieces
 19690 | Orc:2    | Bought a potion of mutation for 30 gold pieces
 19721 | Orc:2    | Found Imoam's Book Shoppe.
 19727 | Orc:2    | Bought a book of Enchantments for 700 gold pieces
 19727 | Orc:2    | Bought a book of Unlife for 910 gold pieces
 19892 | Orc:2    | Found Valu's Jewellery Boutique.
 20064 | Orc:2    | Found Hifux's Antique Weapon Boutique.
 20078 | Orc:2    | Found Oresaut's Antique Armour Boutique.
 20086 | Orc:2    | Bought a shiny ring mail for 128 gold pieces
 20194 | Orc:2    | Found a staircase to the Elven Halls.
 22084 | D:12     | Upgraded the game from 0.18-a0-1655-ge2d8d33 to 0.18-a0-1666-g3ea6f2b
 22111 | D:13     | Noticed inmateoo's ghost (journeyman FeSu)
 22186 | D:13     | Found a frozen archway.
 22226 | IceCv    | Entered an ice cave
 22240 | IceCv    | Reached skill level 10 in Fighting
 22439 | IceCv    | Reached XP level 15. HP: 104/115 MP: 6/29
 22447 | IceCv    | Learned a level 6 spell: Simulacrum
 22462 | IceCv    | Noticed a frost giant
 22493 | IceCv    | Killed a frost giant
 22493 | IceCv    | Reached skill level 1 in Ice Magic
 23119 | D:13     | Got a fine scale mail
 23130 | D:13     | Identified the cursed +0 scale mail "Xuovoula" {rElec MP+9 Dex-5 SInv} (You found it on level 13 of the Dungeon)
 23346 | Elf:1    | Entered Level 1 of the Elven Halls
 24007 | Elf:1    | Noticed Kirke
 24174 | Spider:1 | Entered Level 1 of the Spider Nest
 24308 | Spider:1 | Noticed Asterion
 24324 | Spider:1 | Killed Asterion
 24582 | Spider:1 | Noticed Josephine
 24595 | Spider:1 | Killed Josephine
 24595 | Spider:1 | Reached skill level 5 in Ice Magic
 25190 | Spider:1 | Upgraded the game from 0.18-a0-1666-g3ea6f2b to 0.18-a0-1677-g2bdad6c
 25339 | Spider:2 | Noticed Roxanne
 25347 | Spider:2 | Killed Roxanne
 25359 | Spider:2 | Identified Roxanne's Volume of Clay (You took it off Roxanne on level 2 of the Spider Nest)
 25375 | Spider:2 | Noticed Arachne
 25385 | Spider:2 | Killed Arachne
 26039 | Spider:3 | Reached skill level 1 in Shields
 26112 | Spider:3 | Reached skill level 15 in Maces & Flails
 26153 | Spider:3 | Got a brightly glowing dagger
 26154 | Spider:3 | Identified the +5 dagger "Dybecank" {pierce, *Corrode +Inv rElec} (You found it on level 3 of the Spider Nest)
 26364 | Spider:3 | Gained mutation: Your movements are significantly less encumbered by armour (ER -6). [demonic ancestry]
 26364 | Spider:3 | Reached XP level 16. HP: 122/122 MP: 4/30
 27044 | Spider:4 | Entered Level 4 of the Spider Nest
 27275 | Spider:4 | Identified 2 scrolls of acquirement
 27278 | Spider:4 | Got a twisted eveningstar
 27279 | Spider:4 | Identified the +0 eveningstar "Worm's Wrath" {crush, rF+ rN+} (You acquired it on level 4 of the Spider Nest)
 27584 | Spider:4 | Reached skill level 13 in Necromancy
 27789 | Spider:4 | Got a gossamer rune of Zot
 28284 | Orc:2    | Killed Kirke
 28482 | Elf:1    | HP: 6/122 [demonic crawler[a deep elf mage] (1)]
 29285 | Elf:1    | Reached skill level 14 in Necromancy
 29856 | Elf:2    | HP: 5/122 [halberd of freezing (22)]
 29856 | Elf:2    | HP: 2/122 [halberd of freezing (3)]
 30301 | Elf:2    | Found a huge runed gate.
 30301 | Elf:2    | Found a huge runed gate.
 30301 | Elf:2    | Found a huge runed gate.
 30723 | Shoals:1 | Entered Level 1 of the Shoals
 30961 | Shoals:1 | Noticed Aizul
 30969 | Shoals:1 | Killed Aizul
 30977 | Shoals:1 | Reached XP level 17. HP: 30/128 MP: 16/31
 31354 | Shoals:2 | Noticed Polyphemus
 31440 | Shoals:2 | Noticed Louise
 31446 | Shoals:2 | Cast into level 2 of the Abyss (Louise)
 32140 | Abyss:2  | Reached skill level 15 in Necromancy
 32397 | Shoals:2 | Escaped the Abyss
 32406 | Shoals:2 | Killed Louise
 32761 | Shoals:2 | Killed Polyphemus
 33782 | Shoals:4 | Entered Level 4 of the Shoals
 33782 | Shoals:4 | Noticed stickyfingers's ghost (adept OpSk)
 33938 | Shoals:4 | Killed stickyfingers's ghost
 34290 | Shoals:4 | Found Ysoy's Distillery.
 34308 | Shoals:4 | Bought a potion of haste for 130 gold pieces
 34308 | Shoals:4 | Bought a potion of haste for 130 gold pieces
 34308 | Shoals:4 | Bought a potion of heal wounds for 65 gold pieces
 34346 | Shoals:4 | Reached skill level 10 in Dodging
 34984 | Shoals:4 | Noticed Ilsuiw
 35012 | Shoals:3 | Upgraded the game from 0.18-a0-1677-g2bdad6c to 0.18-a0-1683-gf9322e6
 35048 | Shoals:4 | Reached skill level 16 in Necromancy
 35289 | Shoals:4 | Got a barnacled rune of Zot
 35380 | Shoals:4 | Killed Ilsuiw
 35384 | Shoals:4 | Reached XP level 18. HP: 118/135 MP: 34/34
 35827 | Lair:1   | Received a gift from Kikubaaqudgha
 35836 | Lair:1   | Learned a level 7 spell: Haunt
 35986 | D:13     | Reached skill level 1 in Summonings
 36308 | D:13     | Killed inmateoo's ghost
 37368 | D:14     | Found a gate to the Vaults.
 37381 | D:14     | Reached skill level 5 in Summonings
 37665 | D:14     | Noticed Snorg
 37669 | D:14     | Killed Snorg
 37958 | D:15     | Entered Level 15 of the Dungeon
 38211 | D:15     | Reached skill level 10 in Armour
 38774 | D:15     | Found a staircase to the Depths.
 38877 | Vaults:1 | Entered Level 1 of the Vaults
 39929 | Vaults:1 | Noticed Saint Roka
 39958 | Vaults:1 | Killed Saint Roka
 40493 | Vaults:2 | Reached skill level 17 in Necromancy
 40699 | Vaults:2 | Gained mutation: You are immune to freezing clouds. [demonic ancestry]
 40699 | Vaults:2 | Reached XP level 19. HP: 139/142 MP: 25/35
 40917 | Orc:2    | Bought a book of Clouds for 630 gold pieces
 41073 | Vaults:1 | Got a faintly glowing buckler
 41084 | Vaults:1 | Identified the +0 buckler "Dilips Tuusm" {rElec rPois rC- MR++} (You acquired it on level 1 of the Vaults)
 42131 | Vaults:1 | Learned a level 6 spell: Freezing Cloud
 42350 | Vaults:2 | Reached skill level 1 in Conjurations
 42353 | Vaults:2 | Reached skill level 1 in Air Magic
 42893 | Vaults:2 | Found Urafud's Gadget Shoppe.
 42913 | Vaults:2 | Bought a +0 rod of shadows (9/9) for 840 gold pieces
 43315 | Vaults:3 | Found a staircase to the Crypt.
 43416 | Vaults:3 | Cast into level 3 of the Abyss (vault warden)
 43416 | Abyss:3  | Found a corrupted altar of Lugonu.
 43630 | Vaults:3 | Escaped the Abyss
 43750 | Vaults:3 | Identified the Grimoire of Malediction and Companions
 44083 | Vaults:3 | Reached skill level 5 in Conjurations
 45787 | Vaults:4 | Reached skill level 5 in Air Magic
 46098 | Vaults:5 | Entered Level 5 of the Vaults
 46103 | Vaults:5 | Noticed a golden dragon
 46145 | Vaults:4 | Gained mutation: You have a pair of large antennae on your head (SInv). [demonic ancestry]
 46145 | Vaults:4 | Reached XP level 20. HP: 62/150 MP: 1/36
 46527 | Vaults:3 | Killed a golden dragon
 46734 | Vaults:4 | Reached skill level 18 in Necromancy
 47097 | Vaults:5 | Noticed a golden dragon
 47478 | Vaults:5 | Got a dazzling chain mail
 47685 | Vaults:5 | Identified the cursed +0 chain mail of the Crown {rC+ Dex+3} (You found it on level 5 of the Vaults)
 48943 | Vaults:4 | HP: 2/150 [quicksilver dragon/bolt of dispelling energy (21)]
 48945 | Vaults:4 | Slain by a quicksilver dragon

Vault maps used:
D:1:      elethiomel_arrival_infinity_welcomes_careful_drivers
D:2:      forest_paths, first_bread, kennysheep_generic_room_12
D:3:      nicolae_gozag_zags_fifth_avenue, lemuel_another_geyser
D:4:      trog_eyes_of_draining, uniq_natasha
D:5:      lemuel_ice_spiral_2, slow_altar_2, minmay_temple_entry_hall
D:6:      lemuel_crystal_altar
D:7:      serial_shops, nicolae_shop_temple_entry_statues_fountains,
          hangedman_feature_mirror, uniq_joseph
D:8:      makhleb_heckhound_becter
D:9:      kennysheep_mini, vehumet_crystals, nicolae_overflow_hidden_temple,
          hangedman_tell_no_tales
D:10:     lair_0_dummy, hiddenorc2_lemuel, uniq_erica, uniq_sonja
D:13:     portal_ice_cave_entry_ice_beasts, serial_bayou_lake_a
D:14:     david_vaults_4, roderic_three_in_a_row, uniq_snorg
D:15:     gammafunk_enter_depths_forms, serial_bayou_pond_b,
          hangedman_cracks_in_the_wall
Temple:   circular_temple_12
Lair:1:   special_room, grunt_megastairs_4
Lair:2:   ice2_lemuel
Lair:3:   grunt_megastairs_1
Lair:5:   elwin_shoals_entry_rocks, spider_nest_entry_rubble,
          infiniplex_staircase_pool
Lair:6:   lab_entry_generic, small_statue_intersection, lemuel_fruit_fields
Lair:7:   uniq_nessos
Lair:8:   guppyfry_lair_end_dragon, nicolae_slime_entry_slimehenge, minivault_25
Shoals:1: uniq_aizul
Shoals:2: nicolae_shoals_hunting_party, uniq_louise, uniq_polyphemus
Shoals:4: shoals_end_grunt_ice, shoals_ilsuiw_alternative, serial_shops, shop
Spider:1: uniq_asterion, uniq_josephine
Spider:2: nicolae_spider_mines_3, hangedman_spider_tarantella_strand,
          uniq_roxanne, uniq_arachne
Spider:3: spider_trap, einodemon_crawler_minivault
Spider:4: grunt_spider_rune_parallel, spiders_nest_wasp_nest
Orc:1:    uniq_maurice
Orc:2:    grunt_orc_cross, serial_shops, shop, basic_altar
Elf:1:    eino_elf_arrival_sip, minivault_28, uniq_kirke
Vaults:1: dpeg_vaults_monster_row, v_rooms_5, ontoclasm_vaults_ring_square,
          v_misc_5, nicolae_vaults_mini_display_case, v_alt_pattern_2,
          vaults_dpeg_cross, ontoclasm_vaults_loading_screen, uniq_saint_roka
Vaults:2: hangedman_vaults_cutoff, vaults_room_glass_cross,
          nicolae_vaults_triangles, v_misc_17, v_alt_pattern_4,
          hangedman_vaults_variations, ontoclasm_vaults_claustrophobia,
          hangedman_vaults_hat, grunt_vaults_hallway_long, v_misc_24,
          v_pattern_5, vaults_room_fours, ontoclasm_vaults_ligature,
          ontoclasm_vaults_hangar, nicolae_vaults_theta, serial_shops,
          nicolae_shop_temple_entry_statues_fountains
Vaults:3: v_misc_3, minmay_crypt_entry_simple_sparse, ontoclasm_vaults_chip,
          nicolae_vaults_c_with_doors, ontoclasm_vaults_fault
Vaults:4: vaults_room_fours, v_pattern_2, v_misc_5, v_rooms_4, v_misc_4,
          nicolae_vaults_little_squares_2, vaults_room_grid,
          nicolae_vaults_rhombus_5, ontoclasm_vaults_ring_square,
          vaults_standard_mumra_x, nicolae_vaults_little_squares_2
Abyss:3:  hangedman_elemental_corridor, hangedman_eye_storm
Lab:      nicolae_lab_dead_adventurers, nicolae_lab_checkerboard,
          labyrinth_skeletal_remains, nicolae_lab_garden, lab_block,
          nicolae_lab_x, nicolae_lab_swirl, nicolae_lab_t_cross,
          labyrinth_glass_1, nicolae_lab_hexagon, nicolae_lab_flowing_pool,
          nicolae_lab_very_dead_end, nicolae_lab_grate
IceCv:    ice_cave_small_giant

Skill      XL: |  1  2  3  4  5  6  7  8  9 10 11 12 13 14 15 16 17 18 19 20 |
---------------+-------------------------------------------------------------+-----
Maces & Flails | 1 2 3 4 6 7 8 10 12 13 15 16 | 16.2
Fighting       | 1 2 4 7 10 11 | 11.0
Charms         | 1 |  1.8
Dodging        | 2 3 4 5 6 7 8 10 | 10.4
Necromancy     | 5 6 8 9 11 12 14 16 17 18 | 18.9
Armour         | 1 4 7 8 11 12 | 12.1
Spellcasting   | 3 5 6 7 9 10 12 | 12.5
Evocations     | 2 5 |  5.0
Ice Magic      | 6 7 9 |  9.5
Shields        | 2 4 |  4.0
Summonings     | 6 9 |  9.0
Conjurations   | 6 |  6.2
Air Magic      | 5 6 |  6.0
Stealth        | |  1.7

Action                   |  1- 3 |  4- 6 |  7- 9 | 10-12 | 13-15 | 16-18 | 19-21 || total
-------------------------+-------+-------+-------+-------+-------+-------+-------++-------
Melee: Mace              |    19 |    59 |   260 |   197 |       |       |       ||   535
       Morningstar       |       |       |       |   310 |  1176 |    36 |       ||  1522
       Eveningstar       |       |       |       |       |       |  1283 |   772 ||  2055
       Staff             |       |       |       |       |       |     3 |       ||     3
 Fire: Blowgun           |       |       |       |     4 |     4 |     1 |    11 ||    20
Throw: Stone             |    10 |     6 |    13 |     3 |     4 |       |       ||    36
       Javelin           |       |       |       |       |     8 |    21 |    13 ||    42
 Cast: Pain              |    37 |    42 |    52 |   107 |   349 |   208 |    50 ||   845
       Vampiric Draining |     1 |       |    14 |    52 |   123 |    98 |   153 ||   441
       Regeneration      |       |     2 |    15 |    43 |   121 |   128 |   108 ||   417
       Animate Skeleton  |       |    10 |    23 |    20 |    35 |    47 |    61 ||   196
       Control Undead    |       |       |    21 |     4 |     8 |    17 |     9 ||    59
       Sublimation of Bl |       |       |     4 |    29 |    96 |    54 |    66 ||   249
       Animate Dead      |       |       |     6 |    63 |   116 |    19 |     2 ||   206
       Agony             |       |       |       |    11 |    64 |   113 |    40 ||   228
       Dispel Undead     |       |       |       |       |     4 |    18 |    15 ||    37
       Simulacrum        |       |       |       |       |    25 |   184 |   129 ||   338
       Haunt             |       |       |       |       |       |     2 |     8 ||    10
       Freezing Cloud    |       |       |       |       |       |       |     2 ||     2
Invok: Receive Corpses   |       |       |       |       |     2 |    18 |    17 ||    37
       Receive Necronomi |       |       |       |       |       |     1 |       ||     1
Evoke: Wand              |       |       |    10 |    34 |    45 |    17 |     8 ||   114
       Stone of tremors  |       |       |       |     1 |       |       |       ||     1
       Phantom mirror    |       |       |       |     1 |       |       |       ||     1
       Box of beasts     |       |       |       |       |     6 |     6 |       ||    12
       Phial of floods   |       |       |       |       |     1 |       |       ||     1
       Disc of storms    |       |       |       |       |       |     2 |     1 ||     3
       Rod               |       |       |       |       |       |       |     6 ||     6
  Use: Scroll            |     2 |     4 |     5 |    15 |    11 |    29 |    30 ||    96
       Potion            |       |       |     3 |     7 |    16 |    19 |    11 ||    56
 Stab: Sleeping          |     1 |       |     3 |     3 |       |       |       ||     7
       Distracted        |       |     2 |     5 |     3 |    21 |     8 |     6 ||    45
       Paralysed         |       |       |       |       |     9 |       |       ||     9
       Confused          |       |       |       |       |       |     2 |       ||     2
       Invisible         |       |       |       |       |       |       |     4 ||     4
  Eat: Chunk             |     2 |     6 |    29 |    26 |    55 |    81 |    42 ||   241
       Beef jerky        |       |     1 |       |     1 |     1 |     1 |     1 ||     5
       Fruit             |       |       |       |     3 |     9 |    26 |     3 ||    41
       Pizza             |       |       |       |     1 |     1 |     4 |     1 ||     7
       Meat ration       |       |       |       |     1 |     2 |     6 |     2 ||    11
       Royal jelly       |       |       |       |       |     2 |       |     1 ||     3
       Bread ration      |       |       |       |       |       |     1 |     8 ||     9
